 Dungeon Crawl Stone Soup version 0.26-a0-591-g04f19ec95a (webtiles) character file.

Game seed: 3423092416319360563

35173 GeoCrane the Severer (level 13, 0/117 HPs)
             Began as a Minotaur Fighter on Aug 24, 2020.
             Was a High Priest of Okawaru.
             Slain by a ten-headed hydra (7 damage)
             ... on level 2 of the Lair of Beasts.
             The game lasted 01:23:54 (20302 turns).

GeoCrane the Severer (Minotaur Fighter)            Turns: 20302, Time: 01:23:55

Health: 0/117      AC: 15    Str: 26    XL:     13   Next: 46%
Magic:  16/16      EV:  9    Int:  8    God:    Okawaru [*****.]
Gold:   1603       SH: 17    Dex: 10    Spells: 12/12 levels left

rFire    + . .     SeeInvis .   w - +4 demon trident (venom)
rCold    + . .     Faith    .   B - +2 kite shield {rC+ rF+}
rNeg     . . .     Spirit   .   G - +0 plate armour
rPois    .         Reflect  +   o - +0 hat {Int+3}
rElec    .         Harm     .   l - scarf {repulsion}
rCorr    .                      t - +1 pair of gloves {archery}
MR       +....                  P - +0 pair of boots
Stlth    ..........             y - amulet of reflection
HPRegen  0.29/turn              E - +4 ring of evasion
MPRegen  0.15/turn              h - ring of protection from magic

@: berserk cooldown, hasted and slowed, extremely drained, repel missiles
A: retaliatory headbutt, horns 2
a: Heroism, Finesse, Renounce Religion


You were on level 2 of the Lair of Beasts.
You worshipped Okawaru.
Okawaru was extremely pleased with you.
You visited 4 branches of the dungeon, and saw 18 of its levels.

You collected 1665 gold pieces.
You spent 62 gold pieces at shops.

Inventory:

Hand Weapons
 a - a +1 war axe
 v - a +2 glaive of flaming
 w - a +4 demon trident of venom (weapon)
 Q - a +4 broad axe of freezing
Missiles
 f - 2 boomerangs of dispersal
 i - 6 javelins (quivered)
 j - 37 poisoned darts
 k - 25 boomerangs
 D - 5 silver boomerangs
 K - 5 silver javelins
Armour
 l - a scarf of repulsion (worn)
 o - a +0 hat of intelligence (worn)
 t - a +1 pair of gloves of archery (worn)
 B - a +2 kite shield of resistance (worn)
 G - a +0 plate armour (worn)
 P - a +0 pair of boots (worn)
Jewellery
 d - a -4 ring of intelligence
 h - a ring of protection from magic (right hand)
 y - an amulet of reflection (around neck)
 z - an uncursed ring of positive energy
 E - a +4 ring of evasion (left hand)
 R - a +6 ring of dexterity
 S - an uncursed amulet of the acrobat
Wands
 b - a wand of polymorph (11)
 q - a wand of iceblast (18)
 s - a wand of digging (3)
 H - a wand of paralysis (19)
 I - a wand of acid (6)
Scrolls
 e - 6 scrolls of identify
 n - 5 scrolls of teleportation
 p - a scroll of immolation
 L - a scroll of enchant armour {unknown}
 N - a scroll of vulnerability {unknown}
 O - 2 scrolls of fear {unknown}
Potions
 c - a potion of invisibility {unknown}
 g - 2 potions of ambrosia
 m - 8 potions of curing
 r - a potion of magic
 u - 2 potions of flight
 x - a potion of berserk rage
 C - 2 potions of cancellation {unknown}
 F - a potion of lignification {unknown}
 J - 2 potions of degeneration {unknown}
 M - 2 potions of resistance {unknown}


   Skills:
 + Level 11.9(4.5) Fighting
 * Level 15.5(7.5) Axes
 + Level 11.9(4.5) Armour
 + Level 11.9(4.6) Shields
 + Level 6.5(0.1) Invocations
 + Level 6.0(0.0) Evocations


You had 12 spell levels left.
You didn't know any spells.
Your spell library contained the following spells:

 Spells                   Type           Power        Failure   Level
 Magic Dart               Conj           #...         100%        1
 Shock                    Conj/Air       #...         100%        1
 Summon Small Mammal      Summ           #...         100%        1
 Blink                    Tloc           N/A          100%        2
 Call Imp                 Summ           #.......     100%        2
 Slow                     Hex            #.......     100%        2
 Call Canine Familiar     Summ           #.......     100%        3
 Conjure Flame            Conj/Fire      #.......     100%        3
 Gell's Gravitas          Tloc           #.........   100%        3
 Lesser Beckoning         Tloc           #.........   100%        3
 Mephitic Cloud           Conj/Pois/Air  #.......     100%        3
 Summon Guardian Golem    Hex/Summ       #.......     100%        3
 Teleport Other           Tloc           #.......     100%        3
 Passage of Golubria      Tloc           N/A          100%        4
 Summon Ice Beast         Ice/Summ       #.......     100%        4
 Summon Lightning Spire   Summ/Air       #.......     100%        4


Dungeon Overview and Level Annotations

Branches:
Dungeon (13/15)            Temple (1/1) D:4            Lair (2/6) D:9
    Orc (2/2) D:9             Elf (0/3) Orc:2
  Swamp: Lair:2-4    Shoals: Lair:2-4     Snake: Lair:2-4    Spider: Lair:2-4
 Vaults: D:13-14

Altars:
Ashenzari
Cheibriados
Dithmenos
Elyvilon
Fedhas
Gozag
Hepliaklqana
Kikubaaqudgha
Makhleb
Nemelex Xobeh
Okawaru
Qazlal
Ru
Sif Muna
Trog
Uskayaw
Vehumet
Wu Jian
Xom
Yredelemnul
Zin
The Shining One

Shops:
D:4 *   D:6 *   D:12 ?   Orc:2 (:!*:


Innate Abilities, Weirdness & Mutations

You reflexively headbutt those who attack you in melee.
You have a pair of horns on your head.


Message History

The ten-headed hydra bites you but does no damage. x2
The ten-headed hydra bites you.
* * * LOW HITPOINT WARNING * * *
You block the ten-headed hydra's attack.
You are too berserk!
You feel a strong urge to attack something.
You are no longer berserk.
You are exhausted.
You feel yourself slow down.
You feel better.
You feel yourself speed up.
The ten-headed hydra bites you but does no damage.
You block the ten-headed hydra's attack. x3
The ten-headed hydra bites you but does no damage.
The ten-headed hydra bites you!
* * * LOW HITPOINT WARNING * * *
The ten-headed hydra closely misses you.
The ten-headed hydra completely misses you.
The ten-headed hydra bites you!
You die...

##......# #....†.#
####...## ####.##
##..## #....###
#####.#..# #
######..##....#..#
##.......@D.....#
#...............#
#..................
##............^>....#
#................#...
#...............# ..
###..#.##..PP..## #
#####....###.# #+
#.....#### #.


You could see a ten-headed hydra (poisoned).

Vanquished Creatures
  A stone giant (Orc:2)
  Fannar (D:11)
  A hydra (D:11)
  2 ogre magi (Orc:2)
  10 two-headed ogres
  An orc high priest (D:9)
  Urug (D:9)
  Sonja (D:13)
  2 deep trolls
  2 ugly things (D:12)
  2 orc knights (Orc:1)
  3 cyclopes
  Maurice (D:12)
  Psyche (D:10)
  A cane toad (Lair:2)
  Maggie (D:7)
  2 komodo dragons
  11 trolls
  6 hippogriffs
  A meliai zombie (D:12)
  A shadow (D:13)
  2 wraiths
  2 wyverns
  15 yaks
  2 basilisks
  Menkaure (D:7)
  4 wargs
  4 water moccasins
  4 porcupines
  2 sky beasts
  2 necrophages
  10 orc warriors
  2 black bears (D:9)
  3 ice beasts
  25 ogres
  5 centaurs
  6 wolves (Lair:1)
  A big kobold (D:8)
  11 bullfrogs
  2 gnoll sergeants
  A wyvern skeleton (D:7)
  3 scorpions
  5 killer bees (D:11)
  8 wights
  9 howler monkeys
  An electric eel (D:10)
  2 centaur zombies
  A bullfrog zombie (D:6)
  A quasit (D:12)
  6 hounds
  3 jellies
  8 bullfrog skeletons
  4 centaur skeletons
  11 orc priests
  15 orc wizards
  3 iguanas
  Ijyb (D:3)
  8 worker ants
  A hound zombie (D:5)
  A hound skeleton (D:7)
  A howler monkey zombie (D:4)
  A howler monkey skeleton (D:5)
  7 gnolls
  13 adders
  4 shadow imps
  3 white imps
  3 oozes
  An adder zombie (D:8)
  4 worms
  A dart slug (D:2)
  8 leopard geckos
  38 orcs
  A ball python (D:2)
  5 giant cockroaches
  2 gnoll zombies (D:9)
  15 goblins
  4 hobgoblins
  8 jackals
  5 quokkas
  7 bats
  6 frilled lizards
  A jackal skeleton (D:6)
  13 kobolds
  A leopard gecko skeleton (D:4)
  A quokka zombie (D:8)
  11 rats
411 creatures vanquished.

Vanquished Creatures (others)
  55 fungi
  45 plants
100 creatures vanquished.

Grand Total: 511 creatures vanquished

Notes
Turn   | Place    | Note
-------+----------+-------------------------------------------
     0 | D:1      | GeoCrane the Minotaur Fighter began the quest for the Orb.
     0 | D:1      | Reached XP level 1. HP: 19/19 MP: 0/0
   235 | D:1      | Reached XP level 2. HP: 23/27 MP: 1/1
   417 | D:1      | Reached skill level 3 in Axes
   928 | D:2      | Reached XP level 3. HP: 19/33 MP: 2/2
  1453 | D:2      | Reached XP level 4. HP: 40/40 MP: 3/3
  1543 | D:2      | Reached skill level 4 in Axes
  1799 | D:3      | Reached XP level 5. HP: 29/47 MP: 4/4
  2119 | D:3      | You fall into a shaft and drop 2 floors!
  2119 | D:5      | Entered Level 5 of the Dungeon
  2394 | D:4      | Found Tuymeam's Assorted Antiques.
  2401 | D:4      | Bought a scroll labeled RICOTOFOLE for 31 gold pieces
  2401 | D:4      | Bought a scroll labeled WEPTIG SIDWAAHAIPO for 31 gold
                  | pieces
  2537 | D:3      | Noticed a sky beast
  2669 | D:3      | Reached skill level 5 in Axes
  2798 | D:3      | Killed a sky beast
  2798 | D:3      | Reached skill level 5 in Armour
  2798 | D:3      | Reached skill level 5 in Shields
  2798 | D:3      | Reached XP level 6. HP: 13/55 MP: 5/5
  3186 | D:3      | Reached skill level 5 in Fighting
  3295 | D:3      | Noticed Ijyb
  3304 | D:3      | Killed Ijyb
  3536 | D:4      | Found a sparkling altar of Nemelex Xobeh.
  3567 | D:4      | Found a staircase to the Ecumenical Temple.
  3576 | Temple   | Entered the Ecumenical Temple
  4028 | D:4      | Reached skill level 6 in Axes
  4186 | D:4      | Reached XP level 7. HP: 48/61 MP: 6/6
  4536 | D:5      | Noticed a wraith
  4545 | D:5      | Killed a wraith
  4545 | D:5      | Reached skill level 7 in Axes
  4564 | D:4      | Reached XP level 8. HP: 62/70 MP: 7/7
  4817 | D:5      | Reached skill level 8 in Axes
  5582 | D:6      | Found a burning altar of Makhleb.
  5596 | D:6      | Noticed a two-headed ogre
  5709 | D:6      | Reached skill level 9 in Axes
  5712 | D:6      | Reached XP level 9. HP: 61/79 MP: 8/8
  6025 | D:5      | Killed a two-headed ogre
  6025 | D:5      | Reached skill level 10 in Axes
  6236 | D:6      | Found Fyurod's Assorted Antiques.
  6362 | D:7      | Noticed Menkaure
  7454 | D:7      | Killed Menkaure
  7570 | D:7      | Noticed Maggie
  7578 | D:7      | Killed Maggie
  7578 | D:7      | Reached skill level 11 in Axes
  7578 | D:7      | Reached XP level 10. HP: 86/90 MP: 9/9
  8725 | D:9      | Found a glowing golden altar of the Shining One.
  8726 | D:9      | Found an iron altar of Okawaru.
  8727 | D:9      | Found a blossoming altar of Fedhas.
  8727 | D:9      | Found a shadowy altar of Dithmenos.
  8742 | D:9      | Found a white marble altar of Elyvilon.
  8742 | D:9      | Found a stormy altar of Qazlal.
  8747 | D:9      | Became a worshipper of Warmaster Okawaru
  8879 | D:9      | Noticed Maurice
  8912 | D:9      | HP: 4/91 [something (1)]
  9212 | D:8      | HP: 4/91 [orc warrior/+1 trident of venom (9)]
  9542 | D:9      | Found a staircase to the Orcish Mines.
  9634 | D:9      | Found a basalt altar of Yredelemnul.
  9896 | D:9      | Found a shimmering blue altar of Sif Muna.
  9924 | D:9      | Found an ancient bone altar of Kikubaaqudgha.
  9938 | D:9      | Found a radiant altar of Vehumet.
  9949 | D:9      | Identified Vehumet's Volume of Confrontation
 10010 | D:9      | Reached skill level 12 in Axes
 10010 | D:9      | Reached skill level 1 in Invocations
 10023 | D:9      | Noticed a two-headed ogre
 10025 | D:9      | Reached * piety under Okawaru
 10036 | D:9      | Killed a two-headed ogre
 10036 | D:9      | Reached skill level 1 in Evocations
 10046 | D:9      | Found a staircase to the Lair.
 10267 | D:10     | Entered Level 10 of the Dungeon
 10372 | D:10     | Noticed Psyche
 10386 | D:10     | Killed Psyche
 10386 | D:10     | Reached ** piety under Okawaru
 10386 | D:10     | Reached XP level 11. HP: 64/97 MP: 11/11
 10861 | D:10     | Reached *** piety under Okawaru
 11427 | D:11     | Reached skill level 10 in Shields
 11599 | Orc:1    | Entered Level 1 of the Orcish Mines
 11623 | Orc:1    | Noticed Urug
 11976 | D:9      | Reached skill level 10 in Armour
 12009 | D:9      | Reached skill level 10 in Fighting
 12150 | Orc:1    | Noticed an orc high priest
 12166 | D:9      | Killed Urug
 12166 | D:9      | Reached skill level 13 in Axes
 12446 | D:9      | Killed an orc high priest
 12446 | D:9      | Reached **** piety under Okawaru
 12851 | Orc:2    | Entered Level 2 of the Orcish Mines
 12853 | Orc:2    | Noticed an orc knight
 12854 | Orc:2    | Noticed an orc knight
 12870 | Orc:1    | Killed an orc knight
 13009 | Orc:1    | Killed an orc knight
 13284 | Orc:2    | Noticed a stone giant
 13531 | Orc:2    | Killed a stone giant
 13531 | Orc:2    | Reached ***** piety under Okawaru
 13689 | Orc:2    | Found Xieqej's Book Shoppe.
 13786 | Orc:2    | Noticed an ogre mage
 13809 | Orc:2    | Noticed a two-headed ogre
 13821 | Orc:2    | Killed a two-headed ogre
 13821 | Orc:2    | Received a gift from Okawaru
 13877 | Orc:2    | Reached XP level 12. HP: 107/107 MP: 14/14
 13885 | Orc:2    | Noticed an ogre mage
 13893 | Orc:2    | Noticed a two-headed ogre
 14015 | Orc:2    | Noticed a two-headed ogre
 14108 | Orc:1    | Killed a two-headed ogre
 14168 | Orc:2    | Killed a two-headed ogre
 14265 | Orc:2    | Reached skill level 14 in Axes
 14639 | Orc:2    | Killed an ogre mage
 14663 | Orc:2    | Noticed a two-headed ogre
 14663 | Orc:2    | Noticed a two-headed ogre
 14673 | Orc:2    | Killed a two-headed ogre
 14673 | Orc:2    | Reached skill level 5 in Invocations
 14704 | Orc:2    | Noticed a two-headed ogre
 14714 | Orc:2    | Killed a two-headed ogre
 14824 | Orc:2    | Noticed a two-headed ogre
 14830 | Orc:2    | Killed a two-headed ogre
 14883 | Orc:2    | Killed a two-headed ogre
 14883 | Orc:2    | Reached skill level 5 in Evocations
 15070 | Orc:2    | Found a staircase to the Elven Halls.
 15102 | Orc:2    | Found Haitta Ivast's Assorted Antiques.
 15104 | Orc:2    | Found Aczygg's Distillery.
 15118 | Orc:2    | Noticed a two-headed ogre
 15125 | Orc:2    | Received a gift from Okawaru
 15130 | Orc:2    | Killed a two-headed ogre
 15155 | Orc:2    | Found Cazxauv's Book Boutique.
 15156 | Orc:2    | Found Faeneatz's Weapon Boutique.
 15195 | Orc:2    | Killed an ogre mage
 15767 | Lair:1   | Entered Level 1 of the Lair of Beasts
 15847 | Lair:1   | Learned a level 2 spell: Blink
 16178 | Lair:1   | Reached XP level 13. HP: 112/116 MP: 16/16
 16336 | Lair:1   | Reached skill level 15 in Axes
 16345 | Lair:1   | Identified a scroll of acquirement
 16345 | Lair:1   | Acquired a +1 pair of gloves of archery
 17938 | D:11     | Noticed Fannar
 18110 | D:11     | Killed Fannar
 18760 | D:12     | Found a basalt altar of Yredelemnul.
 19124 | D:12     | Killed Maurice
 19124 | D:12     | Received a gift from Okawaru
 19255 | D:12     | Found Ramutwom's Magic Scroll Shop.
 19617 | D:13     | Noticed Sonja
 19648 | D:13     | Killed Sonja
 20297 | Lair:2   | HP: 4/175 [ten-headed hydra (6)]
 20302 | Lair:2   | Slain by a ten-headed hydra

Illustrated notes

Levels and vault maps discovered:
D:1:      dpeg_arrival_chambers_temple_mockup, layout_loops_ring
D:2:      layout_rooms, minmay_mini_jars
D:3:      layout_basic, dk_vineyard_3, uniq_ijyb
D:4:      layout_loops_corners, lemuel_coloured_pillars_altar,
          minmay_temple_entry_poolview, serial_shops, shop,
          minmay_manual_monstrance
D:5:      layout_basic, minmay_between
D:6:      layout_rooms, overflow_temple_1_default, serial_shops, shop
D:7:      layout_loops_cross, uniq_maggie, uniq_menkaure
D:8:      layout_basic
D:9:      layout_small_grid, palyth_temple_overflow_mages,
          grunt_temple_overflow_open, lemuel_zombie_altar_yredelemnul,
          due_lair_maze_entry_diamond, uniq_maurice
D:10:     layout_stronghold, grunt_decor_mini_mirrors,
          minmay_misc_feat_secret_circle, wad_floor_pattern_1,
          serial_bayou_lake_a, uniq_psyche
D:11:     layout_rooms, kennysheep_generic_room_15, uniq_fannar
D:12:     layout_small_grid, serial_shops, kennysheep_little_box, basic_altar,
          kennysheep_generic_room_16
D:13:     layout_loops_ring, hangedman_decor_riveting, lightli_wizard_tower,
          uniq_sonja, uniq_erolcha, uniq_azrael
Temple:   cyrus_temple_forest
Lair:1:   layout_cave_pods
Lair:2:   layout_roguey, lightli_volcano_entry_magma_tube
Orc:1:    layout_diamond_mine, uniq_urug
Orc:2:    st_orc_open, layout_caves, serial_shops, nicolae_shop_waterfront,
          special_room, nicolae_orc_stony_grotto, sword_in_stone

Skill      XL: |  1  2  3  4  5  6  7  8  9 10 11 12 13 |
---------------+----------------------------------------+-----
Axes           | 3 4 5 6 7 9 11 12 13 14 15 | 15.5
Fighting       | 4 5 6 7 8 9 10 11 | 11.9
Armour         | 4 5 6 7 8 9 10 11 | 11.9
Shields        | 4 5 6 7 8 9 10 11 | 11.9
Invocations    | 2 4 5 6 |  6.5
Evocations     | 2 4 5 6 |  6.0

Action                   |  1- 3 |  4- 6 |  7- 9 | 10-12 | 13-15 || total
-------------------------+-------+-------+-------+-------+-------++-------
Melee: War axe           |    63 |   147 |   192 |   617 |   215 ||  1234
       Headbutt          |     9 |    28 |    36 |   127 |    64 ||   264
       Morningstar       |       |       |       |     7 |       ||     7
       Broad axe         |       |       |       |       |    62 ||    62
       Demon trident     |       |       |       |       |    33 ||    33
Throw: Dart              |    21 |    67 |    11 |   107 |     4 ||   210
       Boomerang         |       |     2 |     7 |    30 |     5 ||    44
       Throwing net      |       |       |     1 |       |       ||     1
       Javelin           |       |       |       |     7 |     3 ||    10
Evoke: Wand              |       |       |       |    10 |       ||    10
       Phial of floods   |       |       |       |     1 |       ||     1
  Use: Scroll            |     4 |     3 |     1 |     8 |     5 ||    21
       Potion            |       |     1 |     2 |     7 |     4 ||    14
 Stab: Distracted        |       |       |     1 |       |       ||     1
       Paralysed         |       |       |       |     2 |       ||     2
Armor: Scale mail        |    18 |    28 |     9 |    10 |       ||    65
       Ring mail         |       |    22 |    40 |       |       ||    62
       Plate armour      |       |       |       |   131 |   147 ||   278
Dodge: Dodged            |    15 |    42 |    63 |   159 |    82 ||   361
       Repelled          |       |     1 |       |     4 |       ||     5
Block: Kite shield       |    23 |    79 |    97 |   488 |   332 ||  1019
       Reflection        |       |       |       |    50 |     5 ||    55

Table legend: (Time is in decaauts)
 A = Elapsed time spent in this place.
 B = Non-inter-level travel time spent in this place.
 C = Inter-level travel time spent in this place.
 D = Time resting spent in this place.
 E = Time spent auto-exploring this place.
 F = Levels seen in this place.
 G = Mean time per level.
                   A        B        C        D        E       F      G
               +--------+--------+--------+--------+--------+-----+--------+
         Total |  20386 |  19083 |   1303 |   5049 |  10512 |  18 | 1132.6 |
       Dungeon |  15366 |  14430 |    936 |   3887 |   7990 |  13 | 1182.0 |
        Temple |     87 |     47 |     40 |      0 |     47 |   1 |   87.0 |
          Lair |   1580 |   1477 |    103 |    136 |   1086 |   2 |  790.0 |
  Orcish Mines |   3351 |   3128 |    223 |   1025 |   1388 |   2 | 1675.5 |
               +--------+--------+--------+--------+--------+-----+--------+

Top non-repeatable levels by time:
     D:9: 1903 daAuts
   Orc:2: 1679 daAuts
   Orc:1: 1672 daAuts
     D:8: 1507 daAuts
    D:11: 1456 daAuts
     D:5: 1342 daAuts
    D:10: 1325 daAuts
     D:3: 1323 daAuts
     D:6: 1168 daAuts
    D:12: 1146 daAuts
     D:7: 1136 daAuts
  Lair:1: 1124 daAuts
     D:1: 1085 daAuts
     D:4: 1084 daAuts
     D:2: 779 daAuts
